 Dungeon Crawl Stone Soup version 0.31-a0-210-gccc998df9b (webtiles) character file.

Game seed: 3374295828489874641

688 qw the Shooter (level 7, -2/44 HPs)
             Began as a Gargoyle Hexslinger on June 30, 2023.
             Was an Initiate of Okawaru.
             Slain by an iguana (3 damage)
             ... on level 5 of the Dungeon.
             The game lasted 00:01:41 (3632 turns).

qw the Shooter (Gargoyle Hexslinger)                Turns: 3632, Time: 00:01:42

Health: -2/44      AC: 11    Str: 11    XL:     7   Next: 62%
Magic:  8/8        EV: 10    Int: 14    God:    Okawaru [......]
Gold:   75         SH:  0    Dex: 14    Spells: 7/8 levels left

rFire   . . .        Y - +1 sling
rCold   . . .        (no shield)
rNeg    + . .        i - +0 ring mail
rPois   inf          (no helmet)
rElec   +            c - +0 cloak
rCorr   .            (no gloves)
SInv    +            (no boots)
Will    .....        (no amulet)
Stlth   +            g - ring of see invisible
HPRegen 0.27/turn    (no ring)
MPRegen 0.11/turn

%: no passive effects
@: no status effects
A: sickness immunity, AC +4, negative energy resistance 1, electricity
resistance, torment resistance 1, petrification resistance
a: Renounce Religion


You were on level 5 of the Dungeon.
You worshipped Okawaru.
Okawaru was noncommittal.
You visited 2 branches of the dungeon, and saw 6 of its levels.

You collected 194 gold pieces.
You spent 119 gold pieces at shops.


Innate Abilities, Weirdness & Mutations

You are immune to sickness and miasma.
Your stone body is resilient. (AC +4)
You are immune to poison.
You resist negative energy. (rN+)
You are resistant to electric shocks. (rElec)
You are resistant to unholy torment.
You are immune to petrification.


   Skills:
 - Level 4.8 Fighting
 + Level 6.7 Ranged Weapons
 - Level 1.9 Armour
 - Level 1.5 Dodging
 - Level 1.0 Spellcasting
 - Level 2.6 Hexes


You had 7 spell levels left.
You knew the following spells:

 Your Spells              Type           Power      Damage    Failure   Level
a - Slow                  Hex            32%        N/A       21%         1

Your spell library contained the following spells:

 Spells                   Type           Power      Damage    Failure   Level
 Inner Flame              Hex/Fire       4%         N/A       71%         3
 Portal Projectile        Hex/Tloc       8%         N/A       71%         3
 Cause Fear               Hex            4%         N/A       90%         4

Inventory:

Hand Weapons
 Y - a +1 sling (weapon)
Armour
 c - a +0 cloak (worn)
 i - a +0 ring mail (worn)
 s - a scarf of repulsion
Jewellery
 g - a ring of see invisible (left hand)
 k - the ring "Ifaluwn" {rPois rF- rN+++ rCorr Int-5}
   (You found it on level 3 of the Dungeon)

   [ring of resist corrosion]

   Int:       It affects your intelligence (-5).
   rF:        It makes you vulnerable to fire.
   rPois:     It protects you from poison.
   rN:        It renders you almost immune to negative energy.
   rCorr:     It protects you from acid and corrosion.
 r - a +6 ring of strength
Scrolls
 a - 2 scrolls of identify
Potions
 d - a potion of resistance
 e - a potion of mutation {unknown}
 f - a potion of attraction {unknown}
 h - a potion of brilliance {unknown}
 j - a potion of haste {unknown}
 l - a potion of curing {unknown}
 m - a potion of enlightenment {unknown}
 n - a potion of lignification {unknown}
 p - a potion of degeneration {unknown}
 q - a potion of invisibility {unknown}

Dungeon Overview and Level Annotations

Branches:
Dungeon (5/15)             Temple (1/1) D:4

Altars:
Ashenzari
Dithmenos
Elyvilon
Fedhas
Gozag
Hepliaklqana
Kikubaaqudgha
Makhleb
Okawaru
Qazlal
Ru
Sif Muna
Trog
Uskayaw
Vehumet
Wu Jian
Yredelemnul
Zin
The Shining One

Shops:
D:1 [   D:4 [


Message History

The iguana barely misses you.
You shoot a sling bullet.
The sling bullet closely misses the scorpion.
The scorpion barely misses you. The iguana bites you. The scorpion stings you.
You shoot a sling bullet.
The sling bullet barely misses the scorpion.
The scorpion stings you. The iguana closely misses you.
3626 ||| READING scroll of teleportation.
As you read the scroll of teleportation, it crumbles to dust.
You feel strangely unstable. The adder bites you but does no damage.
The scorpion stings you. The iguana bites you.
3627 ||| DRINKING potion of heal wounds.
You feel much better. The adder bites you but does no damage.
The scorpion closely misses you.
The iguana bites you but does no damage.
The adder bites you but does no damage. The scorpion closely misses you.
You shoot a sling bullet. The sling bullet hits the scorpion.
The scorpion is moderately wounded.
The iguana closely misses you. The adder closely misses you.
The scorpion stings you but does no damage.
You shoot a sling bullet. The sling bullet hits the scorpion.
The scorpion is heavily wounded.
Your surroundings suddenly seem different.
An iguana, an ogre and 2 ice beasts come into view.
Found 4 boomerangs and a leather armour.
Found a stone staircase leading down.
The iguana hisses angrily.
You shoot a sling bullet. The sling bullet hits the iguana.
The iguana is lightly wounded.
The iguana bites you! x2; The ice beast hits you.
The ice beast freezes you!
The ice beast hits you but does no damage.
You shoot a sling bullet.
The sling bullet barely misses the iguana.
The iguana bites you. The ice beast closely misses you.
The ice beast barely misses you. The ogre closely misses you.
You shoot a sling bullet.
The sling bullet closely misses the iguana.
The iguana bites you.
You die...

#########
#...>...#
#.}...}.#
#.......#
#.OlY.}.#
#..@Y...#
#.}(..}.#
#.......#
####[####
.# .. ##
#.# #..
###


You could see 2 ice beasts, an ogre and an iguana.

Vanquished Creatures
  Sigmund (D:3)
  Blork the orc (D:5)
  A scorpion (D:4)
  A howler monkey (D:4)
  3 orc priests
  A gnoll bouda (D:5)
  An iguana (D:4)
  7 gnolls
  6 adders
  2 worms
  6 orcs
  4 bats
  4 endoplasms
  6 giant cockroaches
  9 goblins
  4 hobgoblins
  8 jackals
  3 quokkas
  7 ball pythons
  7 frilled lizards
  11 kobolds
  7 rats
100 creatures vanquished.

Notes
Turn   | Place    | Note
-------+----------+-------------------------------------------
     0 | D:1      | qw the Gargoyle Hexslinger began the quest for the Orb.
     0 | D:1      | Reached XP level 1. HP: 12/12 MP: 2/2
     0 | D:1      | 0 ||| qw: Version: 0.3-a-26-gee661ec
     0 | D:1      | 0 ||| qw: Game counter: 7167
     0 | D:1      | 0 ||| qw: Melee chars always use a shield: true
     0 | D:1      | 0 ||| qw: God list: Okawaru
     0 | D:1      | 0 ||| qw: Allow faded altars: false
     0 | D:1      | 0 ||| qw: Do Orc after clearing Dungeon:15 true
     0 | D:1      | 0 ||| qw: Do second Lair branch before Depths: true
     0 | D:1      | 0 ||| qw: Lair rune preference: random
     0 | D:1      | 0 ||| qw: Goals: Normal
     0 | D:1      | 0 ||| PLANNING D:1-11
    44 | D:1      | Reached XP level 2. HP: 16/16 MP: 3/3
   167 | D:1      | Reached skill level 3 in Ranged Weapons
   167 | D:1      | Found Zoff's Antique Armour Shoppe.
   176 | D:1      | 176 ||| SHOPLISTING embroidered robe (81 gold, have 25).
   176 | D:1      | 176 ||| SHOPLISTING leather armour (44 gold, have 25).
   176 | D:1      | 176 ||| SHOPLISTING pair of boots (99 gold, have 25).
   176 | D:1      | 176 ||| SHOPLISTING slimy ring mail (198 gold, have 25).
   299 | D:1      | Reached XP level 3. HP: 21/21 MP: 4/4
   799 | D:1      | 799 ||| READING scroll labelled QAETHA ODYERGH.
   804 | D:1      | 804 ||| READING scroll labelled HEMYON WOXZEOM.
   805 | D:1      | 805 ||| READING scroll labelled ZUG BACELOIW.
   806 | D:1      | 806 ||| READING scroll labelled XIVE BU GIANONG.
   807 | D:1      | 807 ||| DROPPING scroll of poison.
   883 | D:2      | Reached XP level 4. HP: 26/26 MP: 5/5
   901 | D:2      | Reached skill level 4 in Ranged Weapons
  1228 | D:2      | 1228 ||| UPGRADING to ring of see invisible.
  1229 | D:2      | 1229 ||| READING 2 scrolls labelled EMETEO GAFA.
  1230 | D:2      | 1230 ||| READING scroll labelled LELLAWU SEOLOT.
  1360 | D:3      | Found an ornate altar of the Wu Jian Council.
  1380 | D:3      | Identified the ring "Ifaluwn" {rPois rF- rN+++ rCorr Int-5}
  1644 | D:3      | Found a white marble altar of Elyvilon.
  1734 | D:3      | Found a blossoming altar of Fedhas.
  1757 | D:3      | Reached XP level 5. HP: 30/30 MP: 6/6
  1999 | D:3      | Reached skill level 5 in Ranged Weapons
  2001 | D:3      | 2001 ||| FLEEEEING.
  2002 | D:3      | 2002 ||| FLEEEEING.
  2003 | D:3      | 2003 ||| FLEEEEING.
  2004 | D:3      | 2004 ||| FLEEEEING.
  2005 | D:3      | 2005 ||| FLEEEEING.
  2257 | D:3      | Noticed Sigmund
  2269 | D:3      | Killed Sigmund
  2270 | D:3      | Reached XP level 6. HP: 29/40 MP: 7/7
  2498 | D:3      | 2498 ||| UPGRADING to +0 leather armour.
  2508 | D:3      | 2508 ||| DROPPING +0 robe.
  2509 | D:3      | 2509 ||| READING scroll labelled UFESKA POECAKK.
  2510 | D:3      | 2510 ||| DRINKING 2 fuming white potions.
  2511 | D:3      | 2511 ||| READING 2 scrolls of identify.
  2511 | D:3      | 2511 ||| IDENTIFYING white potion
  2579 | D:4      | Identified the +7 short sword of the Arena {freeze, rN+}
  2619 | D:4      | Found Kevvaw's Armour Shop.
  2628 | D:4      | 2628 ||| BUYING +0 cloak (63 gold).
  2628 | D:4      | Bought a +0 cloak for 63 gold pieces
  2628 | D:4      | 2628 ||| BUYING +0 ring mail (56 gold).
  2628 | D:4      | Bought a +0 ring mail for 56 gold pieces
  2628 | D:4      | 2628 ||| SHOPLISTING +1 cloak of Starlight {*Dazzle EV+4
                  | Stlth--} (427 gold, have 44).
  2628 | D:4      | 2628 ||| SHOPLISTING +2 cloak "Eruigu" {Stlth+} (340 gold,
                  | have 44).
  2722 | D:4      | Found a staircase to the Ecumenical Temple.
  2723 | D:4      | 2723 ||| PLANNING TEMPLE
  2723 | D:4      | 2723 ||| UPGRADING to +0 cloak.
  2728 | D:4      | 2728 ||| UPGRADING to +0 ring mail.
  2738 | D:4      | 2738 ||| DROPPING +0 leather armour.
  2746 | Temple   | Entered the Ecumenical Temple
  2746 | Temple   | Found a transporter.
  2746 | Temple   | Found a transporter.
  2748 | Temple   | Found a transporter.
  2748 | Temple   | Found a transporter.
  2757 | Temple   | 2757 ||| PLANNING OKAWARU WORSHIP
  2764 | Temple   | Became a worshipper of Warmaster Okawaru
  2765 | Temple   | 2765 ||| PLANNING D:1-11
  2815 | D:4      | Reached skill level 1 in Armour
  2971 | D:4      | Reached XP level 7. HP: 44/44 MP: 8/8
  3056 | D:4      | Found a stormy altar of Qazlal.
  3165 | D:4      | 3165 ||| FLEEEEING.
  3351 | D:5      | Entered Level 5 of the Dungeon
  3413 | D:5      | Reached skill level 6 in Ranged Weapons
  3543 | D:5      | 3543 ||| Stepping ~*~*~tactically~*~*~ (outnumbered).
  3545 | D:5      | 3545 ||| Stepping ~*~*~tactically~*~*~ (outnumbered).
  3604 | D:5      | Noticed Blork the orc
  3620 | D:5      | Killed Blork the orc
  3625 | D:5      | HP: 11/44 [scorpion (1)]
  3626 | D:5      | 3626 ||| READING scroll of teleportation.
  3626 | D:5      | HP: 5/44 [iguana (5)]
  3627 | D:5      | 3627 ||| DRINKING potion of heal wounds.
  3630 | D:5      | HP: 1/44 [ice beast (8)]
  3632 | D:5      | Slain by an iguana

Levels and vault maps discovered:
D:1:      dpeg_arrival_connections, layout_loops_cross, serial_shops, shop,
          serial_bayou_lagoon_b
D:2:      layout_basic
D:3:      layout_basic, nzn_wu_jian_contemplation, elyvilon_altar_4,
          general_overflow_altar, uniq_sigmund
D:4:      layout_basic, grunt_qazlal_sundering, minmay_temple_entry_slanted,
          serial_shops, nicolae_square_shop
D:5:      layout_loops_ring, kennysheep_slug_shrine, grunt_ministairs_3,
          nicolae_underground_beach, uniq_blork_the_orc
Temple:   hellmonk_temple_divided_pantheon

Skill      XL: |  1  2  3  4  5  6  7 |
---------------+----------------------+-----
Ranged Weapons | 3 4 5 6 |  6.7
Fighting       | 2 4 |  4.8
Armour         | 1 |  1.9
Dodging        | |  1.5
Spellcasting   | |  1.0
Hexes          | |  2.6

Action                     |  1- 3 |  4- 6 |  7- 9 || total
---------------------------+-------+-------+-------++-------
   Fire: Sling             |   109 |   206 |    90 ||   405
    Use: Scroll            |     4 |     4 |     1 ||     9
         Potion            |       |     1 |     1 ||     2
 Armour: Robe              |    31 |    27 |       ||    58
         Ring mail         |       |    13 |    41 ||    54
         Leather armour    |       |     2 |       ||     2
  Dodge: Dodged            |    33 |    69 |    40 ||   142

Table legend:
 A = Non-vault XP
 B = Vault XP
 C = Vault XP percentage of total XP
 D = Non-vault monster count
 E = Vault monster count
 F = Vault count percentage of total count
                 A         B        C        D         E       F
            +---------+---------+-------+---------+---------+-------
      Total |     660 |     323 |  32.9 |      98 |       2 |   2.0
            +---------+---------+-------+---------+---------+-------
        D:1 |      62 |       0 |   0.0 |      36 |       0 |   0.0
        D:2 |      80 |       0 |   0.0 |      16 |       0 |   0.0
        D:3 |     105 |     223 |  68.0 |      23 |       1 |   4.2
        D:4 |     240 |       0 |   0.0 |      14 |       0 |   0.0
        D:5 |     173 |     100 |  36.6 |       9 |       1 |  10.0
            +---------+---------+-------+---------+---------+-------
